 Dungeon Crawl Stone Soup version 0.28.0-45-g0d030f2227 (webtiles) character file.

Game seed: 8427271511039251398

45 101zpm the Shield-Bearer (level 3, -4/23 HPs)
             Began as a Gargoyle Fighter on Apr 4, 2022.
             Killed from afar by a dart slug (6 damage)
             ... with a slug dart
             ... on level 1 of the Dungeon.
             The game lasted 00:01:31 (1062 turns).

101zpm the Shield-Bearer (Gargoyle Fighter)         Turns: 1062, Time: 00:01:32

Health: -4/23      AC: 10    Str: 21    XL:     3   Next: 64%
Magic:  3/3        EV:  9    Int:  8    God:
Gold:   19         SH:  4    Dex:  9    Spells: 2/2 levels left

rFire   . . .      SeeInvis .   a - +0 flail
rCold   . . .      Faith    .   c - +0 buckler
rNeg    + . .      Spirit   .   b - +0 scale mail
rPois   ∞          Reflect  .   (no helmet)
rElec   +          Harm     .   (no cloak)
rCorr   .          Rampage  .   (no gloves)
Will    .....                   (no boots)
Stlth   ..........              (no amulet)
HPRegen 0.07/turn               (no ring)
MPRegen 0.08/turn               (no ring)

@: no status effects
A: sickness immunity, AC +3, negative energy resistance 1, electricity
resistance, torment resistance 1, petrification resistance
a: no special abilities


You were on level 1 of the Dungeon.
You visited 1 branch of the dungeon, and saw 2 of its levels.

You collected 19 gold pieces.

Inventory:

Hand Weapons
 a - a +0 flail (weapon)
Armour
 b - a +0 scale mail (worn)
 c - a +0 buckler (worn)
Scrolls
 e - a scroll of magic mapping {unknown}
 g - a scroll of blinking {unknown}
Potions
 d - a potion of might
 f - a potion of degeneration {unknown}


   Skills:
 + Level 3.6 Fighting
 + Level 2.4 Maces & Flails
 + Level 3.8 Armour
 + Level 0.3 Dodging
 + Level 3.8 Shields


You had 2 spell levels left.
You didn't know any spells.
Your spell library was empty.

Dungeon Overview and Level Annotations

Branches:
Dungeon (2/15)

Altars:

Annotations:
D:2 Terence


Innate Abilities, Weirdness & Mutations

You are immune to sickness and miasma.
Your stone body is resilient. (AC +3)
You are immune to poison.
You resist negative energy. (rN+)
You are resistant to electric shocks. (rElec)
You are resistant to unholy torment.
You are immune to petrification.


Message History

You are too injured to fight recklessly!
You are too injured to fight recklessly!
You are too injured to fight recklessly!
You are too injured to fight recklessly!
You are too injured to fight recklessly!
You are too injured to fight recklessly!
You are too injured to fight recklessly!
You are too injured to fight recklessly!
You are too injured to fight recklessly!
There is a stone staircase leading up here.
You climb upwards.
The kobold throws a stone.
The stone barely misses you.
Found 6 gold pieces and a great sword.
There is a stone staircase leading down here.
The kobold throws a stone.
The stone closely misses you.
The kobold throws a stone.
The stone hits you but does no damage.
The kobold throws a stone.
You block the stone.
The kobold throws a stone.
You block the stone.
The kobold throws a stone.
The stone hits you but does no damage.
The kobold throws a stone.
The stone hits you but does no damage.
A dart slug comes into view.
The kobold throws a stone.
The stone hits you but does no damage.
The kobold throws a stone.
The stone closely misses you.
The kobold throws a stone.
You block the stone.
The kobold throws a stone.
The stone closely misses you. The kobold hits you but does no damage.
You hit the kobold.
You kill the kobold!
You start resting.
A dart slug is nearby!
The dart slug launches a dart at you.
The slug dart hits you but does no damage.
The dart slug launches a dart at you. The slug dart hits you.
* * * LOW HITPOINT WARNING * * *
The dart slug launches a dart at you.
The slug dart hits you but does no damage.
There is a stone staircase leading down here.
The dart slug launches a dart at you. The slug dart hits you.
You die...

##### #.#.......# #...#
#w##...#.....#
########.>.####.##...#.....#
#.............#.##..........
#.≈≈........<.#.##...#.....#
#.............#.##...##....#
###....########.##...# #w..#
####....########.###### ...#
...........>...@.# ..#
################## .#


You could see a dart slug.

Vanquished Creatures
  3 adders (D:2)
  A giant cockroach (D:1)
  2 goblins
  A hobgoblin (D:1)
  3 quokkas
  A ball python (D:2)
  3 bats
  3 frilled lizards
  2 kobolds (D:1)
  2 rats (D:2)
21 creatures vanquished.

Notes
Turn   | Place    | Note
-------+----------+-------------------------------------------
     0 | D:1      | 101zpm the Gargoyle Fighter began the quest for the Orb.
     0 | D:1      | Reached XP level 1. HP: 14/14 MP: 1/1
    70 | D:1      | Reached XP level 2. HP: 15/19 MP: 2/2
   453 | D:2      | Reached XP level 3. HP: 15/23 MP: 3/3
   986 | D:2      | Noticed Terence
   996 | D:2      | HP: 1/23 [Terence/+3 mace of protection (8)]
  1062 | D:1      | Killed from afar by a dart slug

Illustrated notes

Levels and vault maps discovered:
D:1:      amcnicky_arrival_blooded_trapdoor, layout_rooms,
          ebering_ecumenical_altar_webs
D:2:      layout_basic, serial_rivers, chequers_serial_rivers_small_b,
          chequers_serial_rivers_micro_d, chequers_serial_rivers_room_b,
          chequers_serial_rivers_large_a, basic_altar, uniq_jessica,
          uniq_terence

Action                   || total
-------------------------++-------
Melee: Flail             ||    86
Armor: Scale mail        ||    78
Dodge: Dodged            ||    69
Block: Buckler           ||    29
